Map: Jagannatha LE

Players

Antis - Winner!

  • Race: Zerg Zerg

MCanning

  • Race: Protoss Protoss
  • League: Master

VOD

Have the link to the VOD?

Description

Time

  • Played on: July 24, 2021, 5:32 p.m.
  • Length: 8:22
Show
View Real Time Build Order
Export as new Build Order

Antis Zerg - Winner!

Build Orders: Hatch First 

Get SALT Encoding   

  12  0:00  Drone  
  13  0:12  Overlord  
  13  0:17  Drone  
  14  0:31  Drone x2  
  16  0:48  Hatchery  
  15  0:52  Drone  
  15  0:55  Drone  
  17  0:59  Drone  
  18  1:09  Extractor  
  17  1:14  Spawning Pool  
  17  1:17  Drone  
  17  1:20  Drone  
  18  1:28  Drone  
  19  1:38  Drone  
  20  1:50  Overlord  
  20  2:01  Queen x2, Zergling x2  
  20  2:02  Zergling x2  
  26  2:11  Drone  
  26  2:12  Metabolic Boost, Drone  
  28  2:21  Drone  
  28  2:22  Drone  
  30  2:37  Hatchery  
  29  2:40  Drone x2  
  31  2:46  Queen  
  31  2:50  Overlord  
  33  2:55  Drone x2  
  35  3:00  Drone  
  36  3:07  Overlord  
  36  3:10  Drone x3  
  36  3:11  Drone  
  40  3:17  Drone x3  
  43  3:22  Drone  
  43  3:25  Queen  
  46  3:31  Zergling x6  
  49  3:39  Overlord  
  49  3:40  Queen  
  51  3:44  Overlord  
  51  3:48  Overlord  
  51  3:59  Drone x7  
  57  4:11  Drone x3  
  57  4:16  Queen  
  57  4:17  Overlord  
  57  4:19  Lair  
  57  4:21  Evolution Chamber, Extractor  
  57  4:25  Drone x5  
  57  4:30  Zergling x6  
  64  4:37  Zergling x4  
  66  4:39  Drone x6  
  66  4:45  Spore Crawler  
  71  4:50  Zerg Missile Weapons Level 1  
  71  4:51  Roach Warren  
  70  4:54  Extractor  
  70  4:55  Drone x6  
  75  5:01  Drone x4  
  75  5:05  Drone x2  
  81  5:08  Drone  
  81  5:11  Extractor  
  81  5:12  Extractor  
  81  5:13  Overlord  
  80  5:16  Zergling x2  
  80  5:17  Zergling x4  
  80  5:20  Overlord  
  81  5:23  Zergling x2  
  81  5:24  Zergling x2  
  81  5:29  Overlord  
  81  5:32  Glial Reconstitution  
  81  5:37  Roach x4  
  89  5:44  Roach x4  
  89  5:46  Overlord  
  96  5:59  Roach x3  
  96  6:00  Roach x2  
  96  6:01  Overlord  
  96  6:02  Overlord  
  108  6:11  Roach x4  
  108  6:16  Overlord  
  108  6:17  Overlord  
  113  6:21  Drone x3  
  113  6:23  Extractor, Drone x3  
  113  6:24  Drone x2  
  120  6:27  Hatchery, Overseer  
  120  6:28  Overlord  
  120  6:30  Queen x3  
  125  6:37  Overlord x2  
  125  6:38  Overlord  
  125  6:45  Roach x7  
  139  6:50  Overlord  
  139  7:02  Roach  
  139  7:03  Roach x4  
  139  7:04  Ravager  
  139  7:05  Ravager x2  
  152  7:13  Roach x8  
  169  7:15  Ravager  
  169  7:17  Overlord x2  
  169  7:28  Zergling x10  
  173  7:34  Ravager x2  
  173  7:35  Overlord x2  
  173  7:38  Roach x3  
  173  7:42  Roach x4  
  183  7:57  Roach x8  
  192  8:19  Evolution Chamber, Hydralisk Den  
Show
View Real Time Build Order
Export as new Build Order

MCanning Protoss 

Build Orders: 1 Gate Expand 

Get SALT Encoding   

  12  0:00  Probe  
  13  0:12  Probe  
  14  0:20  Pylon  
  14  0:24  Probe  
  15  0:38  Probe (Chrono Boost)  
  15  0:39  Gateway  
  16  0:48  Assimilator  
  16  0:49  Probe (Chrono Boost)  
  17  0:54  Probe (Chrono Boost)  
  18  1:04  Probe  
  19  1:16  Probe  
  20  1:24  Nexus  
  20  1:34  Cybernetics Core  
  20  1:38  Probe  
  21  1:44  Assimilator  
  21  1:50  Probe  
  21  1:53  Pylon  
  22  2:02  Probe (Chrono Boost)  
  23  2:08  Adept (Chrono Boost)  
  23  2:14  Probe (Chrono Boost)  
  26  2:21  Stargate  
  26  2:22  Probe (Chrono Boost)  
  27  2:28  Probe  
  27  2:30  Warp Gate  
  27  2:36  Stalker (Chrono Boost)  
  28  2:40  Probe  
  28  2:41  Probe  
  32  2:53  Probe x2  
  32  2:57  Void Ray (Chrono Boost)  
  34  3:05  Probe x2  
  40  3:17  Probe  
  40  3:18  Probe  
  42  3:22  Gateway  
  42  3:23  Pylon  
  42  3:29  Probe  
  42  3:30  Twilight Council, Probe  
  45  3:41  Probe  
  45  3:42  Probe  
  46  3:50  Gateway x2  
  46  3:53  Probe  
  46  3:54  Probe  
  48  3:55  Gateway  
  48  4:01  Resonating Glaives (Chrono Boost)  
  48  4:05  Probe  
  48  4:06  Probe  
  50  4:16  Pylon  
  48  4:18  Pylon  
  48  4:19  Probe  
  48  4:21  Adept x2  
  54  4:27  Pylon  
  54  4:30  Nexus  
  53  4:32  Pylon  
  53  4:34  Probe  
  54  4:42  Pylon  
  54  4:45  Probe  
  54  4:46  Probe  
  54  4:50  Adept x2  
  54  4:52  Adept  
  62  4:53  Adept  
  62  4:56  Adept  
  62  4:58  Probe  
  65  5:08  Probe  
  65  5:10  Probe  
  65  5:13  Adept x4  
  75  5:20  Adept, Probe  
  78  5:24  Probe  
  78  5:26  Robotics Facility  
  78  5:28  Assimilator  
  77  5:31  Pylon  
  77  5:33  Probe  
  77  5:34  Assimilator  
  78  5:42  Sentry x2, Forge, Probe  
  83  5:46  Probe  
  83  5:48  Probe  
  83  5:49  Shield Battery  
  83  5:57  Blink  
  83  5:58  Probe  
  83  6:00  Probe  
  85  6:06  Gateway  
  85  6:08  Gateway  
  85  6:10  Probe  
  84  6:12  Assimilator  
  84  6:15  Assimilator  
  84  6:17  Robotics Bay  
  84  6:22  Probe x2  
  84  6:24  Protoss Ground Weapons Level 1 (Chrono Boost), Photon Cannon  
  87  6:25  Probe  
  87  6:28  Photon Cannon  
  87  6:33  Zealot x2  
  87  6:39  Probe x2  
  93  6:45  Observer (Chrono Boost)  
  94  6:48  Probe  
  94  6:49  Pylon  
  94  6:51  Probe  
  94  6:52  Pylon  
  96  6:55  Probe  
  97  7:05  Colossus (Chrono Boost)  
  103  7:11  Probe  
  103  7:14  Gateway  
  103  7:15  Gateway  
  104  7:20  Robotics Facility  
  104  7:22  Sentry  
  106  7:26  Stalker x5  
  114  7:42  Disruptor (Chrono Boost)  
  117  7:45  Shield Battery  
  117  7:46  Pylon  
  117  7:54  Stalker x2  
  117  7:57  Zealot  
  111  8:02  Stalker x4  
  104  8:10  Zealot x2  
Tags
 
Add a new tag
Caveats
  • Supply blocks, unpowered buildings, or Contaminate may cause inaccurate times.
  • Supply counts are checked every 10 seconds.